 Dungeon Crawl Stone Soup version 0.31-a0-182-gc5ef74bbde (webtiles) character file.

Game seed: 9625627926519193034

311 qw the Chopper (level 6, 0/38 HPs)
             Began as a Gargoyle Fighter on June 20, 2023.
             Slain by a wight
             ... wielding a +4 spear
              (4 damage)
             ... on level 4 of the Dungeon.
             The game lasted 00:01:46 (3288 turns).

qw the Chopper (Gargoyle Fighter)                   Turns: 3288, Time: 00:01:47

Health: 0/38       AC: 13    Str: 21    XL:     6   Next: 42%
Magic:  6/6        EV:  9    Int:  9    God:
Gold:   169        SH:  4    Dex:  9    Spells: 5/5 levels left

rFire   . . .        Y - +0 war axe
rCold   . . .        c - +0 buckler
rNeg    + . .        b - +0 scale mail
rPois   inf          f - +0 helmet
rElec   +            (no cloak)
rCorr   .            (no gloves)
SInv    .            m - +0 pair of boots {rampage}
Will    .....        (no amulet) Stlth
                     (no ring)
HPRegen 0.26/turn    (no ring)
MPRegen 0.10/turn

%: rampage
@: about to teleport
A: sickness immunity, AC +4, negative energy resistance 1, electricity
resistance, torment resistance 1, petrification resistance
a: no special abilities


You were on level 4 of the Dungeon.
You visited 1 branch of the dungeon, and saw 4 of its levels.

You collected 169 gold pieces.


Innate Abilities, Weirdness & Mutations

You are immune to sickness and miasma.
Your stone body is resilient. (AC +4)
You are immune to poison.
You resist negative energy. (rN+)
You are resistant to electric shocks. (rElec)
You are resistant to unholy torment.
You are immune to petrification.


   Skills:
 - Level 4.0 Fighting
 + Level 5.4 Axes
 - Level 3.2 Armour
 - Level 1.2 Dodging
 - Level 3.2 Shields


You had 5 spell levels left.
You didn't know any spells.
Your spell library was empty.

Inventory:

Hand Weapons
 i - a +0 whip
 Y - a +0 war axe (weapon)
Armour
 b - a +0 scale mail (worn)
 c - a +0 buckler (worn)
 f - a +0 helmet (worn)
 m - a +0 pair of boots of rampaging (worn)
 p - a +1 pair of gloves
Scrolls
 j - a scroll of teleportation
 l - 3 scrolls of identify
 o - a scroll of immolation {unknown}
Potions
 a - 2 potions of attraction
 d - 2 potions of might
 e - 3 potions of heal wounds
 g - a potion of invisibility {unknown}
 h - a potion of curing {unknown}
 k - a potion of magic {unknown}
 n - a potion of ambrosia {unknown}

Dungeon Overview and Level Annotations

Branches:
Dungeon (4/15)
 Temple: D:4-7

Altars:
Makhleb

Shops:
D:1 :


Message History

You destroy the wight!
The wight hits you but does no damage.
You barely miss the kobold. The kobold hits you but does no damage.
The wight barely misses you.
You slash the kobold!
You kill the kobold!
The wight hits you from afar with a +0 spear.
The wight barely misses you.
Items here: % )) [.
You hit the wight.
The wight is lightly damaged.
The wight hits you with a +0 spear. You block the wight's attack.
You closely miss the wight.
The wight is lightly damaged.
You block the wight's attack.
You hit the wight.
The wight is lightly damaged.
The wight hits you with a +0 spear!
You hit the wight but do no damage.
The wight is lightly damaged.
A wight comes into view. It is wielding a +4 spear.
You block the wight's attack. The wight hits you but does no damage.
You closely miss the wight.
The wight is lightly damaged.
The wight hits you but does no damage.
You completely miss the wight.
The wight is lightly damaged.
The wight hits you from afar with a +4 spear.
You hit the wight.
The wight is lightly damaged.
The wight completely misses you. The wight barely misses you.
You hit the wight but do no damage.
The wight is lightly damaged.
The wight hits you from afar with a +4 spear.
The wight hits you with a +0 spear.
The wight hits you but does no damage. x2
3288 ||| READING 2 scrolls of teleportation.
As you read the scroll of teleportation, it crumbles to dust.
You feel strangely unstable.
The wight hits you from afar with a +4 spear.
You die...

#....# #....# #....#
#....# #....# #....#
#...z# #.z.@#####
.....###....# ...
#....# . #....# ##
#....#####
#..#######..........#
#........#..........# .
#........#..>.......#
..
#...................#..


You could see 2 wights.

Vanquished Creatures
  A wight (D:4)
  Terence (D:2)
  2 orc wizards
  Robin (D:2)
  6 adders
  A worm (D:2)
  4 dart slugs
  7 orcs
  9 endoplasms
  8 giant cockroaches
  12 goblins
  12 hobgoblins
  3 quokkas
  6 ball pythons
  5 bats
  6 frilled lizards
  8 kobolds
  6 rats
98 creatures vanquished.

Notes
Turn   | Place    | Note
-------+----------+-------------------------------------------
     0 | D:1      | qw the Gargoyle Fighter began the quest for the Orb.
     0 | D:1      | Reached XP level 1. HP: 14/14 MP: 1/1
     0 | D:1      | 0 ||| qw: Version: 0.3-a-9-g12657ce
     0 | D:1      | 0 ||| qw: Game counter: 1350
     0 | D:1      | 0 ||| qw: Always use a shield: true
     0 | D:1      | 0 ||| qw: God list: Okawaru
     0 | D:1      | 0 ||| qw: Allow faded altars: false
     0 | D:1      | 0 ||| qw: Do Orc after D:15 true
     0 | D:1      | 0 ||| qw: Do second Lair branch before Depths: true
     0 | D:1      | 0 ||| qw: Lair rune preference: random
     0 | D:1      | 0 ||| qw: Plans: Normal, Zot:1-4, Slime:5, God:TSO, Crypt,
                  | Tomb, Abyss, Pan, Hells, Win
     0 | D:1      | 0 ||| PLANNING D:1-11
    17 | D:1      | 17 ||| Stepping ~*~*~tactically~*~*~ (hiding).
    23 | D:1      | Reached skill level 2 in Axes
   217 | D:1      | 217 ||| Stepping ~*~*~tactically~*~*~ (stealth).
   249 | D:1      | Reached XP level 2. HP: 14/19 MP: 2/2
   314 | D:1      | 314 ||| Stepping ~*~*~tactically~*~*~ (stealth).
   349 | D:1      | 349 ||| Stepping ~*~*~tactically~*~*~ (stealth).
   350 | D:1      | 350 ||| Stepping ~*~*~tactically~*~*~ (stealth).
   354 | D:1      | 354 ||| Stepping ~*~*~tactically~*~*~ (stealth).
   355 | D:1      | 355 ||| Stepping ~*~*~tactically~*~*~ (stealth).
   370 | D:1      | 370 ||| FLEEEEING.
   408 | D:1      | 408 ||| DROPPING +0 club.
   548 | D:1      | Found Saguikhy's Book Boutique.
   678 | D:1      | Reached skill level 3 in Axes
   698 | D:1      | Reached XP level 3. HP: 15/23 MP: 3/3
   738 | D:1      | 738 ||| Stepping ~*~*~tactically~*~*~ (hiding).
  1073 | D:1      | 1073 ||| READING scroll labelled SOATIO CIYMON.
  1364 | D:2      | Reached XP level 4. HP: 28/28 MP: 4/4
  1393 | D:2      | 1393 ||| Stepping ~*~*~tactically~*~*~ (stealth).
  1437 | D:2      | 1437 ||| Stepping ~*~*~tactically~*~*~ (stealth).
  1439 | D:2      | 1439 ||| Stepping ~*~*~tactically~*~*~ (stealth).
  1443 | D:2      | Reached skill level 4 in Axes
  1443 | D:2      | 1443 ||| FLEEEEING.
  1460 | D:2      | Noticed Robin
  1461 | D:2      | 1461 ||| Stepping ~*~*~tactically~*~*~ (hiding).
  1462 | D:2      | 1462 ||| Stepping ~*~*~tactically~*~*~ (hiding).
  1471 | D:2      | Killed Robin
  1586 | D:2      | Noticed Terence
  1591 | D:2      | Killed Terence
  1592 | D:2      | Reached XP level 5. HP: 22/32 MP: 5/5
  1670 | D:2      | 1670 ||| Stepping ~*~*~tactically~*~*~ (stealth).
  1672 | D:2      | 1672 ||| Stepping ~*~*~tactically~*~*~ (hiding).
  1952 | D:2      | 1952 ||| UPGRADING to +0 helmet.
  1957 | D:2      | 1957 ||| READING scroll labelled LEETARCHARGH.
  1958 | D:2      | 1958 ||| READING scroll labelled HIARGH DIHYBE.
  1959 | D:2      | 1959 ||| READING scroll labelled XUUTIR ADODGHETT.
  1960 | D:2      | 1960 ||| DRINKING 2 black potions.
  2006 | D:3      | 2006 ||| Stepping ~*~*~tactically~*~*~ (hiding).
  2143 | D:3      | Found a burning altar of Makhleb.
  2145 | D:3      | 2145 ||| Stepping ~*~*~tactically~*~*~ (stealth).
  2146 | D:3      | 2146 ||| Stepping ~*~*~tactically~*~*~ (stealth).
  2147 | D:3      | 2147 ||| Stepping ~*~*~tactically~*~*~ (stealth).
  2149 | D:3      | 2149 ||| Stepping ~*~*~tactically~*~*~ (stealth).
  2166 | D:3      | 2166 ||| Stepping ~*~*~tactically~*~*~ (stealth).
  2328 | D:3      | Reached skill level 5 in Axes
  2781 | D:3      | 2781 ||| UPGRADING to +0 pair of boots of rampaging.
  2786 | D:3      | 2786 ||| READING scroll labelled TIRHUY CAIMP.
  2809 | D:3      | 2809 ||| READING scroll labelled HUSELI KEISI.
  2810 | D:3      | 2810 ||| DRINKING 3 lumpy inky potions.
  2881 | D:4      | 2881 ||| Stepping ~*~*~tactically~*~*~ (stealth).
  2934 | D:4      | 2934 ||| Stepping ~*~*~tactically~*~*~ (hiding).
  3061 | D:4      | 3061 ||| Stepping ~*~*~tactically~*~*~ (hiding).
  3063 | D:4      | 3063 ||| Stepping ~*~*~tactically~*~*~ (hiding).
  3064 | D:4      | 3064 ||| Stepping ~*~*~tactically~*~*~ (hiding).
  3065 | D:4      | 3065 ||| Stepping ~*~*~tactically~*~*~ (hiding).
  3086 | D:4      | Reached skill level 1 in Dodging
  3086 | D:4      | Reached XP level 6. HP: 22/38 MP: 6/6
  3259 | D:4      | 3259 ||| Stepping ~*~*~tactically~*~*~ (stealth).
  3287 | D:4      | HP: 7/38 [wight/+4 spear (5)]
  3288 | D:4      | 3288 ||| READING 2 scrolls of teleportation.
  3288 | D:4      | Slain by a wight

Levels and vault maps discovered:
D:1:      amcnicky_arrival_wind_blow, layout_loops_ring, serial_shops,
          nicolae_book_shop_shelving
D:2:      layout_loops_cross, minmay_worlds_worst_comb, uniq_terence, uniq_robin
D:3:      layout_loops_ring, mainiacjoe_overflow_cross_hatched, hex_tiny
D:4:      layout_gridville, minmay_fractal_squares_diagonal_5

Skill      XL: |  1  2  3  4  5 |
---------------+----------------+-----
Axes           | 2 3 4 5 |  5.4
Fighting       | 4 |  4.0
Dodging        | 1 |  1.2
Armour         | |  3.2
Shields        | |  3.2

Action                     |  1- 3 |  4- 6 || total
---------------------------+-------+-------++-------
  Melee: War axe           |   105 |   189 ||   294
    Use: Scroll            |     1 |     6 ||     7
         Potion            |       |     2 ||     2
 Armour: Scale mail        |    58 |   114 ||   172
  Dodge: Dodged            |    38 |    84 ||   122
  Block: Buckler           |    13 |    35 ||    48

Table legend:
 A = Non-vault XP
 B = Vault XP
 C = Vault XP percentage of total XP
 D = Non-vault monster count
 E = Vault monster count
 F = Vault count percentage of total count
                 A         B        C        D         E       F
            +---------+---------+-------+---------+---------+-------
      Total |     357 |      88 |  19.8 |      77 |      21 |  21.4
            +---------+---------+-------+---------+---------+-------
        D:1 |      45 |       0 |   0.0 |      24 |       0 |   0.0
        D:2 |      52 |      82 |  61.2 |      19 |      18 |  48.6
        D:3 |      93 |       0 |   0.0 |      20 |       0 |   0.0
        D:4 |     167 |       6 |   3.5 |      14 |       3 |  17.6
            +---------+---------+-------+---------+---------+-------
